 Dungeon Crawl Stone Soup version 0.31-a0-986-g5e6e4ef867 (webtiles) character file.

Game seed: 16856694529720508138

96 javelincjr the Poker (level 4, -9/3 HPs)
             Began as a Demonspawn Gladiator on Nov 6, 2023.
             Mangled by a worm (12 damage)
             ... on level 2 of the Dungeon.
             The game lasted 00:05:10 (1663 turns).

javelincjr the Poker (Demonspawn Gladiator)         Turns: 1663, Time: 00:05:10

Health: -9/3       AC:  1    Str: 17    XL:     4   Next: 41%
Magic:  4/4        EV: 12    Int:  9    God:
Gold:   63         SH:  9    Dex: 14    Spells: 3/3 levels left

rFire   . . .        a - melded +0 trident
rCold   . . .        (shield currently unavailable)
rNeg    . . .        b - +0 leather armour
rPois   .            c - +0 helmet
rElec   .            (no cloak)
rCorr   .            (gloves currently unavailable)
SInv    .            (no boots)
Will    .....        i - amulet of reflection
Stlth   +            (no ring)
HPRegen 0.20/turn    (no ring)
MPRegen 0.09/turn

%: reflection
@: blade hands
A: reduced hp, condensation shield, weakness stinger 1
a: Begin Untransformation


You were on level 2 of the Dungeon.
You had blades for hands.
You visited 1 branch of the dungeon, and saw 2 of its levels.

You collected 63 gold pieces.

Inventory:

Hand Weapons
 a - a +0 trident (melded)
Missiles
 d - 3 throwing nets (quivered)
 e - a javelin
Armour
 b - a +0 leather armour (worn)
 c - a +0 helmet (worn)
Jewellery
 i - an amulet of reflection (around neck)
Talismans
 s - a blade talisman (active)
Scrolls
 h - a scroll of revelation {unknown}
 k - a scroll of fog {unknown}
 n - a scroll of poison {unknown}
 o - a scroll of identify {unknown}
 p - a scroll of teleportation {unknown}
 r - a scroll of noise {unknown}
Potions
 f - 2 potions of enlightenment {unknown}
 g - a potion of haste {unknown}
 j - 2 potions of curing {unknown}
 l - a potion of mutation {unknown}
 m - a potion of lignification {unknown}
 q - a potion of resistance {unknown}


   Skills:
 + Level 2.9 Fighting
 + Level 3.3 Polearms
 + Level 2.5 Throwing
 + Level 0.0 Armour
 + Level 3.3 Dodging
 + Level 0.0 Shapeshifting


You had 3 spell levels left.
You didn't know any spells.
Your spell library was empty.

Dungeon Overview and Level Annotations

Branches:
Dungeon (2/15)

Altars:


Innate Abilities, Weirdness & Mutations

You have blades for hands.
Your maximum health is decreased, since you lack skill for your form.
You are incapable of wielding weapons or throwing items.
A meltable shield of frost defends you. (SH +4)
You have a small tail.


Message History

You tail-slap the dart slug, but do no damage.
The dart slug is severely wounded.
The dart slug launches a dart at you.
The slug dart hits you but does no damage.
You hit the dart slug but do no damage.
The dart slug is severely wounded.
The dart slug launches a dart at you. The slug dart hits you.
You hit the dart slug but do no damage.
The dart slug is severely wounded.
You hit the dart slug but do no damage.
The dart slug is severely wounded.
The dart slug launches a dart at you. The slug dart misses you.
You puncture the dart slug!
You kill the dart slug!
No target in view!
No target in view!
Found a stone staircase leading up.
You see here a blade talisman.
s - a blade talisman You start putting on your amulet.
You continue putting on your amulet of reflection. x5
You finish putting on your amulet of reflection.
You feel a shielding aura gather around you.
i - an amulet of reflection (around neck)
You begin transforming.
You continue transforming. x3
Your hands turn into razor-sharp scythe blades.
Your +0 trident melds into your body.
You see here a frilled lizard corpse.
You see here a +0 leather armour.
There is a stone staircase leading down here.
You see here the +0 leather armour of the Arcane {rF+ Str+2 Int-5 Stlth+}.
No target in view!
No target in view!
A worm comes into view.
Found a robe.
The worm bites you!
Ouch! That really hurt!
You die...

###############
#.............####
#....@##.........#
#...w.##.........#
#.....##.........#
#.[...##.........#####
#.....##..............
#.....##.........#####
#.....##.........####
#......+..>.........##
#.........##...


You could see a worm.

Vanquished Creatures
  2 adders (D:2)
  A worm (D:2)
  6 dart slugs
  6 ball pythons
  5 endoplasms
  2 giant cockroaches
  6 goblins
  10 hobgoblins
  2 jackals (D:1)
  A quokka (D:2)
  8 bats
  2 frilled lizards
  6 kobolds
  2 rats
59 creatures vanquished.

Notes
Turn   | Place    | Note
-------+----------+-------------------------------------------
     0 | D:1      | javelincjr the Demonspawn Gladiator began the quest for the
                  | Orb.
     0 | D:1      | Reached XP level 1. HP: 16/16 MP: 1/1
   112 | D:1      | Discovered your monstrous ancestry.
   112 | D:1      | Gained mutation: You have a small tail. [demonic ancestry]
   112 | D:1      | Reached XP level 2. HP: 22/22 MP: 2/2
   289 | D:1      | Reached XP level 3. HP: 24/28 MP: 3/3
  1031 | D:2      | Gained mutation: A meltable shield of frost defends you.
                  | (SH +4) [demonic ancestry]
  1031 | D:2      | Reached XP level 4. HP: 6/34 MP: 4/4
  1626 | D:2      | Identified the +0 leather armour of the Arcane {rF+ Str+2
                  | Int-5 Stlth+}
  1663 | D:2      | Mangled by a worm

Illustrated notes

Levels and vault maps discovered:
D:1:      minmay_arrival_radiant_lines, layout_loops_corners
D:2:      layout_basic

Skill      XL: |  1  2 |
---------------+-------+-----
Throwing       | 2 |  2.5
Dodging        | 3 |  3.3
Polearms       | 3 |  3.3
Fighting       | |  2.9

Action                     |  1- 3 |  4- 6 || total
---------------------------+-------+-------++-------
  Melee: Trident           |   129 |    45 ||   174
         Punch             |     3 |       ||     3
         Tailslap          |     6 |     2 ||     8
   Stab: Sleeping          |     4 |     1 ||     5
 Armour: Leather armour    |    48 |    25 ||    73
  Dodge: Dodged            |    69 |    14 ||    83
  Block: Other             |       |     6 ||     6
   Form: Blade             |       |     1 ||     1

Table legend: (Time is in decaauts)
 A = Elapsed time spent in this place.
 B = Non-inter-level travel time spent in this place.
 C = Inter-level travel time spent in this place.
 D = Time resting spent in this place.
 E = Time spent auto-exploring this place.
 F = Levels seen in this place.
 G = Mean time per level.
                   A        B        C        D        E       F      G
               +--------+--------+--------+--------+--------+-----+--------+
         Total |   1688 |   1675 |     13 |      0 |   1323 |   2 |  844.0 |
       Dungeon |   1688 |   1675 |     13 |      0 |   1323 |   2 |  844.0 |
               +--------+--------+--------+--------+--------+-----+--------+

Top non-repeatable levels by time:
     D:1: 924 daAuts
     D:2: 764 daAuts
